 Dungeon Crawl Stone Soup version 0.29-a0-1027-gcd8c55af63 (webtiles) character file.

Game seed: 8071207592435461628

717 greenreed the Cudgeller (level 7, -8/57 (61) HPs)
             Began as a Minotaur Monk on Aug 12, 2022.
             Was a Believer of Nemelex Xobeh.
             Mangled by a wight
             ... wielding a +2 battleaxe of freezing
              (19 damage)
             ... on level 5 of the Dungeon.
             The game lasted 00:09:27 (4898 turns).

greenreed the Cudgeller (Minotaur Monk)             Turns: 4898, Time: 00:09:27

HP:   -8/57 (61)    AC: 10    Str: 17    XL:     7   Next: 42%
MP:   6/6           EV: 12    Int:  7    God:    Nemelex Xobeh [**....]
Gold: 231           SH:  5    Dex: 13    Spells: 6/6 levels left

rFire   . . .      SeeInvis .   a - +0 mace
rCold   . . .      Faith    .   (no shield)
rNeg    . . .      Spirit   .   s - +2 ring mail {Will+}
rPois   .          Reflect  +   (helmet restricted)
rElec   .          Harm     .   r - +0 cloak
rCorr   .          Rampage  .   (no gloves)
Will    +....                   o - +0 pair of boots
Stlth   ++........              d - amulet of reflection
HPRegen 0.19/turn               (no ring)
MPRegen 0.10/turn               (no ring)

@: drained
A: horns 2, retaliatory headbutt
a: Renounce Religion, Draw Escape, Draw Destruction, Draw Summoning


You were on level 5 of the Dungeon.
You worshipped Nemelex Xobeh.
Nemelex Xobeh was pleased with you.
You visited 2 branches of the dungeon, and saw 6 of its levels.

You collected 261 gold pieces.
You spent 30 gold pieces at shops.

Inventory:

Hand Weapons
 a - a +0 mace (weapon)
Missiles
 q - 4 poisoned darts (quivered)
Armour
 b - a +0 robe
 o - a +0 pair of boots (worn)
 r - a +0 cloak (worn)
 s - a +2 ring mail of willpower (worn)
Jewellery
 d - an amulet of reflection (around neck)
Wands
 t - a wand of roots (4)
 v - a wand of polymorph (2)
Scrolls
 f - a scroll of enchant armour
 g - 2 scrolls of fear
 h - a scroll of enchant weapon
 m - 2 scrolls of silence
 n - a scroll of poison
 p - a scroll of fog
 u - a scroll of teleportation
Potions
 c - 3 potions of ambrosia
 e - 3 potions of curing
 i - 2 potions of lignification {unknown}
 j - a potion of brilliance
 k - a potion of invisibility
 l - a potion of degeneration {unknown}


   Skills:
 + Level 5.4 Fighting
 + Level 7.0 Maces & Flails
 + Level 3.4 Armour
 + Level 4.5 Dodging
 + Level 3.0 Stealth
 + Level 2.0 Shields


You had 6 spell levels left.
You didn't know any spells.
Your spell library contained the following spells:

 Spells                   Type           Power      Damage    Failure   Level
 Static Discharge         Conj/Air       0%         3-3/arc   77%         2
 Lightning Bolt           Conj/Air       0%         1d11      100%        5
 Maxwell's Capacitive Co  Air            0%         ∞         100%        8


Dungeon Overview and Level Annotations

Branches:
Dungeon (5/15)             Temple (1/1) D:5

Altars:
Cheibriados
Fedhas
Gozag
Nemelex Xobeh
Okawaru
Qazlal
Ru
Sif Muna
Vehumet
Wu Jian
Xom
Yredelemnul
Zin
The Shining One

Shops:
D:1 ?   D:3 :

Annotations:
D:2 Sigmund


Innate Abilities, Weirdness & Mutations

You have a pair of horns on your head.
You reflexively headbutt those who attack you in melee.


Message History

You hit the wight but do no damage.
The wight is almost destroyed.
The wight barely misses you. You furiously retaliate!
You headbutt the wight.
You destroy the wight!
Your life force feels restored.
Your Maces & Flails skill increases to level 7!
Your Stealth skill increases to level 3!
Your Shields skill increases to level 2!
Okay, then.
A wight comes into view.
It is wielding a +2 battleaxe of freezing.
Things that are here:
a +5 battleaxe; a +0 robe; a scroll of teleportation You barely miss the wight.
You headbutt the wight, but do no damage.
The wight hits you with a +2 battleaxe of freezing.
You feel drained. The wight freezes you.
You hit the wight. You headbutt the wight.
The wight is heavily damaged.
The wight hits you with a +2 battleaxe of freezing!
You feel drained. The wight freezes you.
You are too injured to fight recklessly!
You are too injured to fight recklessly!
You are too injured to fight recklessly!
You closely miss the wight.
The wight is heavily damaged.
The wight closely misses you. You furiously retaliate!
You headbutt the wight. You block the wight's attack.
You hit the wight. Your headbutt misses the wight.
The wight is almost destroyed.
The wight hits you with a +2 battleaxe of freezing!
* * * LOW HITPOINT WARNING * * *
You feel drained.
* * * LOW HITPOINT WARNING * * *
The wight freezes you.
* * * LOW HITPOINT WARNING * * *
You completely miss the wight.
The wight is almost destroyed.
The wight hits you with a +2 battleaxe of freezing!!
You die...
Your body glows slightly and disappears.

...##..#.######
...#.......##.#
....#..#....^.##
#...#..........#
###....##..#.†###
####.########†..#
.# #.. #...## ..
..## ##.).##
...... ##.@.# #.
.. ##.z....#
###....# .#..# .
. ## .. ## ## #


You could see a wight.

Vanquished Creatures
  A water moccasin (D:5)
  A black bear (D:4)
  A necrophage (D:4)
  A wight (D:5)
  A jelly (D:4)
  2 hounds (D:5)
  3 orc priests
  Crazy Yiuf (D:2)
  3 iguanas
  An adder (D:3)
  An ufetubus (D:5)
  5 worms
  2 dart slugs (D:1)
  15 orcs
  A bat (D:2)
  4 endoplasms
  2 giant cockroaches
  10 goblins
  8 hobgoblins
  6 jackals
  3 kobolds (D:1)
  3 quokkas
  8 ball pythons
  3 frilled lizards
  7 rats
93 creatures vanquished.

Notes
Turn   | Place    | Note
-------+----------+-------------------------------------------
     0 | D:1      | greenreed the Minotaur Monk began the quest for the Orb.
     0 | D:1      | Reached XP level 1. HP: 19/19 MP: 0/0
    70 | D:1      | Reached XP level 2. HP: 24/27 MP: 1/1
   212 | D:1      | Reached skill level 4 in Maces & Flails
   725 | D:1      | Found Acoy's Magic Scroll Boutique.
   733 | D:1      | Bought a scroll of noise for 10 gold pieces
   733 | D:1      | Bought a scroll of identify for 20 gold pieces
  1115 | D:1      | Reached XP level 3. HP: 33/33 MP: 2/2
  1226 | D:2      | Noticed Sigmund
  1275 | D:2      | Found a runed translucent door.
  1276 | D:2      | Noticed Crazy Yiuf
  2267 | D:3      | Found a faded altar of an unknown god.
  2507 | D:3      | Reached XP level 4. HP: 38/41 MP: 3/3
  2582 | D:3      | Found Osauf's Book Boutique.
  3168 | D:4      | Reached skill level 5 in Maces & Flails
  3168 | D:4      | Reached XP level 5. HP: 29/47 MP: 4/4
  3326 | D:4      | Reached skill level 1 in Shields
  3365 | D:4      | Reached skill level 1 in Armour
  3420 | D:4      | Found a stormy altar of Qazlal.
  3594 | D:4      | Reached XP level 6. HP: 52/55 MP: 5/5
  3651 | D:4      | Reached skill level 5 in Fighting
  3697 | D:4      | Reached skill level 6 in Maces & Flails
  3930 | D:4      | Found a shimmering blue altar of Sif Muna.
  4364 | D:2      | Killed Crazy Yiuf
  4691 | D:5      | Entered Level 5 of the Dungeon
  4738 | D:5      | Found a staircase to the Ecumenical Temple.
  4741 | D:5      | Noticed a water moccasin
  4750 | D:5      | Killed a water moccasin
  4751 | D:5      | Reached XP level 7. HP: 60/61 MP: 6/6
  4761 | Temple   | Entered the Ecumenical Temple
  4810 | Temple   | Became a worshipper of Nemelex Xobeh the Trickster
  4810 | Temple   | Reached * piety under Nemelex Xobeh
  4810 | Temple   | Received a gift from Nemelex Xobeh
  4810 | Temple   | Reached ** piety under Nemelex Xobeh
  4889 | D:5      | Reached skill level 7 in Maces & Flails
  4898 | D:5      | Mangled by a wight

Illustrated notes

Levels and vault maps discovered:
D:1:      dpeg_arrival_tiny_c, layout_loops_corners, serial_shops, shop
D:2:      layout_loops_ring, uniq_crazy_yiuf_cottage, uniq_sigmund
D:3:      layout_basic, serial_shops, nicolae_diamond_shop,
          ebering_ecumenical_altar_rust
D:4:      layout_gridville, old_standard_altar, overflow_temple_1_default
D:5:      layout_cave_pools, tgw_kikubaaqudgha, minmay_temple_entry_glass,
          serial_gnoll_camp, gnoll_camp_mini_hut, gnoll_camp_medium_01,
          gnoll_camp_mini_hut, gnoll_camp_mini_shop, gnoll_camp_huts_basic
Temple:   nicolae_temple_ecumenical_triangle

Skill      XL: |  1  2  3  4  5  6  7 |
---------------+----------------------+-----
Maces & Flails | 4 5 6 7 |  7.0
Fighting       | 4 5 |  5.4
Stealth        | 2 3 |  3.0
Dodging        | 4 |  4.5
Shields        | 1 2 |  2.0
Armour         | 1 3 |  3.4

Action                   |  1- 3 |  4- 6 |  7- 9 || total
-------------------------+-------+-------+-------++-------
Melee: Mace              |    87 |   134 |    23 ||   244
       Headbutt          |    13 |    30 |     4 ||    47
       Punch             |     1 |       |     1 ||     2
  Use: Scroll            |     5 |     5 |       ||    10
       Potion            |       |     1 |       ||     1
 Stab: Sleeping          |     7 |     1 |       ||     8
Armor: Robe              |    10 |       |       ||    10
       Ring mail         |       |    43 |    14 ||    57
Dodge: Dodged            |    46 |    67 |    20 ||   133
Block: Other             |    18 |    23 |     6 ||    47

Table legend: (Time is in decaauts)
 A = Elapsed time spent in this place.
 B = Non-inter-level travel time spent in this place.
 C = Inter-level travel time spent in this place.
 D = Time resting spent in this place.
 E = Time spent auto-exploring this place.
 F = Levels seen in this place.
 G = Mean time per level.
                   A        B        C        D        E       F      G
               +--------+--------+--------+--------+--------+-----+--------+
         Total |   4925 |   4576 |    349 |    105 |   3718 |   6 |  820.8 |
       Dungeon |   4863 |   4532 |    331 |    105 |   3687 |   5 |  972.6 |
        Temple |     61 |     43 |     18 |      0 |     31 |   1 |   61.0 |
               +--------+--------+--------+--------+--------+-----+--------+

Top non-repeatable levels by time:
     D:1: 1372 daAuts
     D:2: 1179 daAuts
     D:4: 1127 daAuts
     D:3: 1034 daAuts
     D:5: 149 daAuts
  Temple: 61 daAuts
